 Dungeon Crawl Stone Soup version 0.27-a0-1299-g1ab19c6527 (webtiles) character file.

Game seed: 7318713752524200039

180 mordus the Shield-Bearer (level 5, -5/41 HPs)
             Began as a Formicid Fighter on June 16, 2021.
             Slain by Pikel (16 damage)
             ... on level 3 of the Dungeon.
             The game lasted 00:03:36 (3664 turns).

mordus the Shield-Bearer (Formicid Fighter)         Turns: 3664, Time: 00:03:37

Health: -5/41      AC: 22    Str: 21    XL:     5   Next: 91%
Magic:  5/5        EV:  1    Int:  8    God:
Gold:   219        SH: 10    Dex: 10    Spells: 4/4 levels left

rFire    . . .     SeeInvis +   a - +0 long sword
rCold    . . .     Faith    .   c - +0 kite shield
rNeg     . . .     Spirit   .   j - +0 crystal plate armour
rPois    .         Reflect  .   (helmet unavailable)
rElec    .         Harm     .   f - +1 cloak
rCorr    .         Rampage  .   (no gloves)
Will     .....                  (no boots)
Stlth    ..........             h - amulet of magic regeneration
HPRegen  0.13/turn              k - +4 ring of protection
MPRegen  0.34/turn              (no ring)

@: no status effects
A: permanent stasis, dig shafts and tunnels, antennae 3, four strong arms
a: Dig, Shaft Self


You were on level 3 of the Dungeon.
You visited 1 branch of the dungeon, and saw 4 of its levels.

You collected 219 gold pieces.

Inventory:

Hand Weapons
 a - a +0 long sword (weapon)
Armour
 b - a +0 scale mail
 c - a +0 kite shield (worn)
 f - a +1 cloak (worn)
 j - a +0 crystal plate armour (worn)
Jewellery
 h - an amulet of magic regeneration (around neck)
 k - a +4 ring of protection (left hand)
Scrolls
 e - a scroll of enchant armour {unknown}
 g - 3 scrolls of identify
Potions
 d - 2 potions of might
 i - a potion of brilliance {unknown}


   Skills:
 - Level 3.2 Fighting
 * Level 4.4 Long Blades
 * Level 3.9 Armour
 + Level 4.9 Shields


You had 4 spell levels left.
You didn't know any spells.
Your spell library was empty.

Dungeon Overview and Level Annotations

Branches:
Dungeon (4/15)
 Temple: D:4-7

Altars:

Annotations:
D:3 Pikel


Innate Abilities, Weirdness & Mutations

You cannot be hasted, slowed, berserked, paralysed or teleported.
You can dig through walls and to a lower floor.
You have a pair of large antennae on your head. (SInv)
Your four strong arms can wield two-handed weapons with a shield.


Message History

You climb upwards.
There is a stone staircase leading down, spattered with blood here.
You slash Pikel!
Pikel is moderately wounded.
The lemure hits you but does no damage. x2
Pikel hits you with a +2 whip of electrocution.
You block the goblin's attack.
You barely miss Pikel.
Pikel is moderately wounded.
The lemure hits you. You block the lemure's attack. You block Pikel's attack.
The goblin hits you but does no damage. The lemure completely misses you.
You closely miss Pikel.
Pikel is moderately wounded.
You block the lemure's attack. Pikel hits you but does no damage.
The goblin hits you but does no damage. You block the lemure's attack.
The lemure hits you but does no damage. You block Pikel's attack.
The goblin barely misses you.
You hit Pikel.
Pikel is moderately wounded.
The lemure hits you. The lemure hits you but does no damage.
Pikel hits you but does no damage.
You are electrocuted!
You block the goblin's attack.
You barely miss Pikel.
Pikel is moderately wounded.
You block the lemure's attack. The lemure hits you but does no damage.
Pikel hits you but does no damage. You block the goblin's attack.
The lemure hits you but does no damage.
You barely miss Pikel.
Pikel is moderately wounded.
The lemure hits you but does no damage.
Pikel hits you with a +2 whip of electrocution.
The goblin hits you but does no damage. You block the lemure's attack. x2
You hit Pikel.
Pikel is heavily wounded.
Pikel hits you with a +2 whip of electrocution.
You block the goblin's attack. The lemure hits you.
* * * LOW HITPOINT WARNING * * *
You block the lemure's attack. Pikel hits you but does no damage.
You are electrocuted!
You die...

.............#.#.##.#....#.# #.#
.............#.#..#.#.####.# #.#
.............#.#....##.....# #.#
.............#.#..####(#######.#
.............#....# #.#.......#
.............##...# #.#.#######
###############...####.#.#
#55K..##.#†# ##@g.....#.#
####.....)# ########


You could see Pikel, 2 lemures and a goblin.

Vanquished Creatures
  A lemure (D:3)
  Jessica (D:2)
  An orc wizard (D:3)
  Robin (D:2)
  3 adders (D:3)
  An adder skeleton (D:2)
  A worm (D:3)
  4 orcs
  7 endoplasms
  A giant cockroach (D:1)
  12 goblins
  13 hobgoblins
  5 jackals (D:3)
  3 quokkas (D:1)
  4 ball pythons
  6 bats
  2 frilled lizards
  6 kobolds
  4 rats
76 creatures vanquished.

Vanquished Creatures (others)
  A goblin (D:2)
1 creature vanquished.

Grand Total: 77 creatures vanquished

Notes
Turn   | Place    | Note
-------+----------+-------------------------------------------
     0 | D:1      | mordus the Formicid Fighter began the quest for the Orb.
     0 | D:1      | Reached XP level 1. HP: 18/18 MP: 1/1
   173 | D:1      | Reached XP level 2. HP: 23/24 MP: 2/2
   604 | D:1      | Reached XP level 3. HP: 26/29 MP: 3/3
   948 | D:2      | Noticed Robin
   968 | D:2      | Killed Robin
   978 | D:1      | Reached XP level 4. HP: 14/35 MP: 4/4
  2074 | D:2      | Noticed Jessica
  2086 | D:2      | Killed Jessica
  2087 | D:2      | Reached XP level 5. HP: 13/41 MP: 5/5
  3578 | D:4      | Noticed a lemure
  3579 | D:4      | Noticed a lemure
  3579 | D:4      | Noticed Pikel
  3579 | D:4      | Noticed a lemure
  3613 | D:3      | Killed a lemure
  3664 | D:3      | Slain by Pikel

Illustrated notes

Levels and vault maps discovered:
D:1:      mainiacjoe_arrival_reflecting_pool, layout_basic, minmay_tromino_v7
D:2:      minmay_door_path, layout_loops_ring, minmay_misc_feat_encased,
          minivault_5, minmay_misc_feat_plants, uniq_robin, uniq_jessica
D:3:      layout_basic
D:4:      layout_cave_pools, overflow_temple_1_default, uniq_pikel,
          uniq_eustachio

Skill      XL: |  1  2  3  4 |
---------------+-------------+-----
Shields        | 4 |  4.9
Long Blades    | 3 4 |  4.4
Fighting       | |  3.2
Armour         | |  3.9

Action                   |  1- 3 |  4- 6 || total
-------------------------+-------+-------++-------
Melee: Long sword        |    90 |   215 ||   305
  Use: Scroll            |       |     1 ||     1
Armor: Scale mail        |    70 |    28 ||    98
       Crystal plate arm |       |   175 ||   175
Dodge: Dodged            |    33 |    26 ||    59
Block: Kite shield       |    61 |   158 ||   219
       Rpst.: Long sword |     9 |     8 ||    17

Table legend: (Time is in decaauts)
 A = Elapsed time spent in this place.
 B = Non-inter-level travel time spent in this place.
 C = Inter-level travel time spent in this place.
 D = Time resting spent in this place.
 E = Time spent auto-exploring this place.
 F = Levels seen in this place.
 G = Mean time per level.
                   A        B        C        D        E       F      G
               +--------+--------+--------+--------+--------+-----+--------+
         Total |   3777 |   3626 |    151 |    878 |   2055 |   4 |  944.2 |
       Dungeon |   3777 |   3626 |    151 |    878 |   2055 |   4 |  944.2 |
               +--------+--------+--------+--------+--------+-----+--------+

Top non-repeatable levels by time:
     D:2: 1364 daAuts
     D:1: 1246 daAuts
     D:3: 1134 daAuts
     D:4: 31 daAuts
